 Dungeon Crawl Stone Soup version 0.22-a0-162-g33bf127 (webtiles) character file.

79 Amnesiac the Magician (level 4, -4/30 HPs)
             Began as a Mummy Earth Elementalist on Feb 12, 2018.
             Slain by Sigmund
             ... wielding a cursed +0 scythe
              (10 damage)
             ... on level 3 of the Dungeon.
             The game lasted 00:05:02 (3181 turns).

Amnesiac the Magician (Mummy Earth Elementalist)    Turns: 3181, Time: 00:05:02

Health: -4/30      AC:  2    Str: 11    XL:     4   Next: 17%
Magic:  3/8        EV: 12    Int: 15    God:
Gold:   197        SH:  0    Dex: 12    Spells: 2/9 levels left

rFire    x . .     SeeInvis .   e - -1 dagger (curse)
rCold    + . .     Gourm    .   (no shield)
rNeg     + + +     Faith    .   c - +0 robe
rPois    ∞         Spirit   .   (no helmet)
rElec    .         Reflect  .   (no cloak)
rCorr    .         Harm     .   (no gloves)
MR       .....                  (no boots)
Stlth    ++........             (no amulet)
HPRegen  0.10/turn              (no ring)
MPRegen  0.11/turn              (no ring)

@: no status effects
A: no food or potions, fire vulnerability, cold resistance 1, negative energy
resistance 3, torment resistance, unbreathing
a: no special abilities


You were on level 3 of the Dungeon.
You were not hungry.

You visited 1 branch of the dungeon, and saw 3 of its levels.

You collected 197 gold pieces.

Inventory:

Hand Weapons
 e - a cursed -1 dagger (weapon)
 h - a +2 hunting sling of freezing
Missiles
 a - a javelin (quivered)
 b - 91 stones
 g - 14 poisoned needles
Armour
 c - a +0 robe (worn)
Wands
 f - a wand of acid (6)
Scrolls
 i - a scroll of remove curse {!r, unknown}
Books
 d - a book of Geomancy

   Spells                             Type                      Level
   a - Sandblast                      Earth                        1
   b - Passwall                       Transmutation/Earth          2
   c - Stone Arrow                    Conjuration/Earth            3
   d - Petrify                        Transmutation/Earth          4
   e - Lee's Rapid Deconstruction     Earth                        5


   Skills:
 - Level 1.5 Dodging
 - Level 1.5 Stealth
 - Level 3.0 Spellcasting
 + Level 2.6 Transmutations
 - Level 3.0 Earth Magic


You had 2 spell levels left.
You knew the following spells:

 Your Spells              Type           Power        Failure   Level  Hunger
a - Sandblast             Erth           ##....       6%          1    N/A
b - Passwall              Tmut/Erth      ##........   10%         2    N/A
e - Petrify               Tmut/Erth      ##......     52%         4    N/A

Dungeon Overview and Level Annotations

Branches:
Dungeon (3/15)

Altars:

Annotations:
D:2 Ijyb
D:3 Sigmund, Terence


Innate Abilities, Weirdness & Mutations

You do not eat or drink.
Your flesh is vulnerable to fire.
You are immune to poison.
Your flesh is cold resistant. (rC+)
You are immune to negative energy. (rN+++)
You are immune to unholy pain and torment.
You can survive without breathing.


Message History

You see here a rat corpse.
You see here a glowing mace.
Found 14 gold pieces.
You now have 197 gold pieces (gained 14).
Sigmund the Dreaded comes into view.
He is wielding a scythe.
Sigmund shouts!
You hear a shout! x2
A gnoll comes into view. It is wielding a flail.
Casting: Petrify (very dangerous; 52% risk of failure)
Confirm with . or Enter, or press ? or * to list all spells.
Aiming: Sandblast (safe; 6% risk of failure)
Press: ? - help, Shift-Dir - straight line, f - Sigmund
Aim: Sigmund, wielding a scythe and wearing a robe The blast of sand hits Sigmund.
Sigmund is moderately wounded.
b - 95 stones Sigmund gestures at you while chanting.
The magic dart hits you!
Unknown command.
You aren't carrying any pieces of jewellery.
Unknown command.
Casting: Sandblast (safe; 6% risk of failure)
Confirm with . or Enter, or press ? or * to list all spells.
Aiming: Sandblast (safe; 6% risk of failure)
Press: ? - help, Shift-Dir - straight line, f/p - Sigmund
Aim: Sigmund, wielding a scythe and wearing a robe (moderately wounded)
The blast of sand hits Sigmund.
Sigmund is moderately wounded.
b - 94 stones Sigmund casts a spell.
Sigmund flickers and vanishes!
Deactivating autopickup; reactivate with Ctrl-A.
Unknown command.
Casting: Sandblast (safe; 6% risk of failure)
Confirm with . or Enter, or press ? or * to list all spells.
Aiming: Sandblast (safe; 6% risk of failure)
Press: ? - help, Shift-Dir - straight line, f - gnoll
Aim: a gnoll, wielding a flail The blast of sand hits something.
b - 93 stones A magic dart appears from out of thin air!
The magic dart hits you!
* * * LOW HITPOINT WARNING * * *
Unknown command.
Casting: Sandblast (safe; 6% risk of failure)
Confirm with . or Enter, or press ? or * to list all spells.
Aiming: Sandblast (safe; 6% risk of failure)
Press: ? - help, Shift-Dir - straight line, f/p - gnoll
Aim: a gnoll, wielding a flail The blast of sand hits something.
b - 92 stones Something hits you!
* * * LOW HITPOINT WARNING * * *
A gnoll comes into view.
Unknown command.
Casting: Sandblast (safe; 6% risk of failure)
Confirm with . or Enter, or press ? or * to list all spells.
Aiming: Sandblast (safe; 6% risk of failure)
Press: ? - help, Shift-Dir - straight line, f/p - gnoll
Aim: a gnoll, wielding a flail The blast of sand hits the gnoll.
The gnoll is heavily wounded.
b - 91 stones Something hits you!
You die...

.# .g .# .#
####g###.### ##
#gg........# ##.
#{#####.##.# ##.#
#####.#
#.##.####.##
#....@#
#....#......
#.###.#
#...>....... #.#
#.#####....#.###.#
#.# #..........#.#
##. #.#
#####.##...#<# ##
#.# #..........#.
# #.#
#.##.##...#.# #
#.####.##.##...###
# #.##...##.##...#
#


You could see 2 gnolls.

Vanquished Creatures
  3 adders
  2 dart slugs
  2 leopard geckos (D:1)
  3 goblins
  7 hobgoblins
  2 quokkas (D:2)
  7 bats
  3 frilled lizards
  8 kobolds
  13 rats
50 creatures vanquished.

Notes
Turn   | Place    | Note
-------+----------+-------------------------------------------
     0 | D:1      | Amnesiac the Mummy Earth Elementalist began the quest for the Orb.
     0 | D:1      | Reached XP level 1. HP: 13/13 MP: 4/4
   121 | D:1      | Reached XP level 2. HP: 17/19 MP: 5/5
   642 | D:1      | Learned a level 2 spell: Passwall
   723 | D:1      | Reached skill level 1 in Transmutations
  1215 | D:2      | Reached XP level 3. HP: 14/24 MP: 5/7
  2654 | D:3      | Noticed Ijyb
  2989 | D:3      | Reached XP level 4. HP: 25/30 MP: 8/8
  2995 | D:3      | Learned a level 4 spell: Petrify
  3125 | D:3      | Noticed Terence
  3172 | D:3      | Noticed Sigmund
  3181 | D:3      | Slain by Sigmund

Vault maps used:
D:1:      lightli_arrival_boilingwater
D:3:      first_ration, chequers_ecumenical_altar_simple, uniq_sigmund,
          uniq_robin, uniq_ijyb, uniq_terence

Skill      XL: |  1  2  3 |
---------------+----------+-----
Spellcasting   | 3 |  3.0
Earth Magic    | 3 |  3.0
Transmutations | 1 2 |  2.6
Dodging        | |  1.5
Stealth        | |  1.5

Action                   |  1- 3 |  4- 6 || total
-------------------------+-------+-------++-------
Melee: Unarmed           |    72 |       ||    72
       Dagger            |    73 |     6 ||    79
Throw: Javelin           |     5 |       ||     5
       Stone             |     1 |       ||     1
 Cast: Sandblast         |    39 |     5 ||    44
       Passwall          |       |     1 ||     1
 Stab: Sleeping          |     7 |     1 ||     8
Armor: Robe              |    39 |       ||    39
Dodge: Dodged            |   113 |     2 ||   115

Table legend:
 A = Spawn XP
 B = Non-spawn XP
 C = Spawn XP percentage of total XP
 D = Spawn monster count
 E = Non-spawn monster count
 F = Spawn count percentage of total count
 G = Total turns spent on level
                    A         B        C        D         E        F      G
               +---------+---------+-------+---------+---------+-------+---------
         Total |       0 |     114 |   0.0 |       0 |      50 |   0.0 |  3181
               +---------+---------+-------+---------+---------+-------+---------
           D:1 |       0 |      40 |   0.0 |       0 |      24 |   0.0 |  1212
           D:2 |       0 |      50 |   0.0 |       0 |      17 |   0.0 |  1634
           D:3 |       0 |      24 |   0.0 |       0 |       9 |   0.0 |   335
               +---------+---------+-------+---------+---------+-------+---------
